 Dungeon Crawl Stone Soup version 0.25.0-15-gac7dcb8919 (webtiles) character file.

Game seed: 14750966707077260346

123090 Froggeryz the Bludgeoner (level 16, -4/103 HPs)
             Began as a Gargoyle Gladiator on June 27, 2020.
             Was the Champion of Okawaru.
             Killed from afar by a thorn hunter (13 damage)
             ... with a volley of thorns
             ... on level 3 of the Lair of Beasts on June 28, 2020.
             The game lasted 00:54:04 (28667 turns).

Froggeryz the Bludgeoner (Gargoyle Gladiator)      Turns: 28667, Time: 00:54:04

Health: -4/103     AC: 36    Str: 25    XL:     16   Next: 89%
Magic:  22/22      EV:  9    Int: 12    God:    Okawaru [******]
Gold:   1830       SH: 20    Dex: 11    Spells: 13/15 levels left

rFire    . . .     SeeInvis .   B - +1 eveningstar (vorpal)
rCold    + . .     Gourm    .   J - +0 kite shield {rPois}
rNeg     + . .     Faith    .   g - +2 chain mail of Asyalid {+Fly rC+ Str+3}
rPois    ∞         Spirit   .   c - +0 helmet
rElec    +         Reflect  +   Q - +2 cloak {Stlth+}
rCorr    .         Harm     .   z - +0 pair of gloves
MR       ++...                  (no boots)
Stlth    ..........             N - amulet of reflection
HPRegen  0.27/turn              s - +4 ring of protection
MPRegen  0.18/turn              G - ring of protection from magic

@: flying
A: big wings, negative energy resistance 1, electricity resistance, unbreathing,
petrification resistance, rot immunity, AC +12
a: Stop Flying, Heroism, Finesse, Renounce Religion


You were on level 3 of the Lair of Beasts.
You worshipped Okawaru.
Okawaru was exalted by your worship.
You were not hungry.

You visited 5 branches of the dungeon, and saw 25 of its levels.
You also visited: Gauntlet.

You collected 2346 gold pieces.
You spent 516 gold pieces at shops.

Inventory:

Hand Weapons
 B - a +1 vorpal eveningstar (weapon)
 L - the +6 morningstar of Rowkah {antimagic, Str+8 Dex+3}
   (You found it on level 2 of the Orcish Mines)

   It reduces the magical energy of the wielder, and disrupts the spells and
   magical abilities of those hit.
   Natural abilities and divine invocations are not affected.
   It affects your strength (+8).
   It affects your dexterity (+3).
Missiles
 Y - 13 silver javelins (quivered)
Armour
 c - a +0 helmet (worn)
 g - the +2 chain mail of Asyalid (worn) {+Fly rC+ Str+3}
   (Okawaru gifted it to you on level 13 of the Dungeon)

   It affects your strength (+3).
   It protects you from cold.
   It lets you fly.
 n - a +2 chain mail of fire resistance
 z - a +0 pair of gloves (worn)
 J - a +0 kite shield of poison resistance (worn)
 Q - a +2 cloak of stealth (worn)
 S - a +2 tower shield of positive energy
Jewellery
 s - a +4 ring of protection (left hand)
 G - a ring of protection from magic (right hand)
 N - an amulet of reflection (around neck)
 P - an uncursed ring of resist corrosion
Wands
 i - a wand of paralysis (9)
 j - a wand of enslavement (11)
 E - a wand of digging (20)
 H - a wand of flame (70)
 M - a wand of acid (17)
 R - a wand of random effects (12)
 T - a wand of polymorph (19)
 V - a wand of iceblast (31)
 Z - a wand of disintegration (14)
Scrolls
 e - 4 scrolls of enchant weapon
 l - 4 scrolls of fog
 m - 10 scrolls of teleportation
 p - 4 scrolls of remove curse
 t - 2 scrolls of enchant armour
 u - 2 scrolls of magic mapping
 v - 3 scrolls of blinking
 x - 4 scrolls of fear
 y - 4 scrolls of amnesia
 A - a scroll of identify
 O - 4 scrolls of immolation
 W - a scroll of summoning
 X - a scroll of holy word
Potions
 a - a potion of magic
 b - 4 potions of brilliance
 d - 5 potions of berserk rage
 k - 2 potions of haste
 q - 5 potions of curing
 r - 2 potions of stabbing
 w - 3 potions of heal wounds
 C - a potion of resistance
 D - 2 potions of might
 F - a potion of cancellation
 I - 3 potions of mutation
 K - a potion of ambrosia
Comestibles
 f - 33 rations


   Skills:
 * Level 12.5 Fighting
 - Level 17.6 Maces & Flails
 - Level 1.7 Throwing
 * Level 10.4 Armour
 - Level 2.4 Dodging
 + Level 16.9 Shields
 - Level 8.3 Invocations


You had 13 spell levels left.
You knew the following spells:

 Your Spells              Type           Power        Failure   Level  Hunger
a - Blink                 Tloc           N/A          94%         2    ###....

Your spell library contained the following spells:

 Spells                   Type           Power        Failure   Level  Hunger
 Magic Dart               Conj           #...         85%         1    ##.....
 Sandblast                Erth           #.....       85%         1    ##.....
 Shock                    Conj/Air       #...         85%         1    ##.....
 Call Imp                 Summ           #.......     94%         2    ###....
 Passwall                 Tmut/Erth      #.......     94%         2    ###....
 Slow                     Hex            #.......     94%         2    ###....
 Swiftness                Chrm/Air       #.......     94%         2    ###....
 Conjure Flame            Conj/Fire      #.......     99%         3    ####...
 Mephitic Cloud           Conj/Pois/Air  #.......     99%         3    ####...
 Static Discharge         Conj/Air       #.......     99%         3    ####...
 Stone Arrow              Conj/Erth      #.....       99%         3    ####...
 Airstrike                Air            #.........   100%        4    #####..
 Petrify                  Tmut/Erth      #.......     100%        4    #####..
 Lee's Rapid Deconstruct  Erth           #.........   100%        5    ######.
 Lightning Bolt           Conj/Air       #.........   100%        5    ######.


Dungeon Overview and Level Annotations

Branches:
Dungeon (15/15)            Temple (1/1) D:4            Lair (6/6) D:8
  Swamp (1/4) Lair:3        Snake (0/4) Lair:3        Slime (0/5) Lair:5
    Orc (2/2) D:10            Elf (0/3) Orc:2        Vaults (0/5) D:13
 Depths (0/5) D:15        Gauntlet (visited)

Altars:
Ashenzari
Cheibriados
Dithmenos
Elyvilon
Fedhas
Gozag
Hepliaklqana
Kikubaaqudgha
Makhleb
Nemelex Xobeh
Okawaru
Qazlal
Ru
Sif Muna
Trog
Uskayaw
Vehumet
Wu Jian
Xom
Yredelemnul
Zin
The Shining One
Beogh

Shops:
D:4 *   D:6 *   D:8 ?   Orc:2 [*[:


Innate Abilities, Weirdness & Mutations

You are resistant to torment.
Your stone body is resilient. (AC +12)
You are immune to poison.
Your large and strong wings let you fly indefinitely.
You resist negative energy. (rN+)
You are resistant to electric shocks. (rElec)
You can survive without breathing.
You are immune to petrification.
You are immune to rotting.


Message History

You closely miss the thorn hunter.
The thorn hunter is heavily damaged.
You block the thorn hunter's attack. x2
You closely miss the thorn hunter.
The thorn hunter is heavily damaged.
You block the thorn hunter's attack. x2
You bludgeon the thorn hunter!!
The thorn hunter is severely damaged.
The thorn hunter fires a volley of thorns at you.
The volley of thorns hits you!!
* * * LOW HITPOINT WARNING * * *
You puncture the thorn hunter!
The thorn hunter is almost destroyed.
You block the thorn hunter's attack.
The thorn hunter hits you but does no damage.
You barely miss the thorn hunter.
The thorn hunter is almost destroyed.
The thorn hunter fires a volley of thorns at you.
The volley of thorns hits you!
You die...

#..#.##..###............
##......................
#....#....P.........PP..
##.§.######.....P#####..
#...§#.P##......## #...
###.....§..#.......# ##..
#P.....§§§...§....#####..
##P..§♣f§†≈§.§...........
##...§§@§§§§§...........
#...♣≈†♣§§§PP..........
###..♣≈≈.§.P##P####.###
##.......P#### ###
#.#....#P# ##########


You could see a thorn hunter.

Vanquished Creatures
  2 orc warlords
  Azrael (D:12)
  A minotaur (Gauntlet)
  An ettin (Orc:2)
  Josephine (D:13)
  6 hydras
  A vault guard (D:13)
  3 centaur warriors (D:14)
  2 catoblepae
  16 two-headed ogres
  8 death yaks
  3 ogre magi (D:15)
  4 orc high priests (Orc:2)
  Urug (Lair:2)
  2 skeletal warriors (D:15)
  A spark wasp zombie (D:15)
  4 unseen horrors
  A flayed ghost (D:15)
  A wizard (Gauntlet)
  Pikel (D:9)
  A lindwurm (Lair:5)
  4 orc knights (Orc:2)
  4 manticores
  3 cyclopes
  6 orc sorcerers
  10 ugly things
  A necromancer (D:15)
  An oklob plant (Lair:3)
  2 centaur zombies (D:13)
  8 black mambas
  Maurice (D:11)
  A guardian serpent (Lair:2)
  Joseph (D:9)
  A fire giant skeleton (D:15)
  An elf skeleton (D:15)
  3 komodo dragons
  2 kobold demonologists (D:14)
  11 spiny frogs
  8 centaur skeletons
  4 rime drakes
  An efreet (D:14)
  A minotaur zombie (Gauntlet)
  A freezing wraith (D:14)
  A spriggan skeleton (D:15)
  10 trolls
  3 meliai (D:12)
  A queen bee (shapeshifter) (D:11)
  3 polar bears (Lair:6)
  A tyrant leech (Gauntlet)
  9 hornets
  A raiju (Gauntlet)
  8 dream sheep
  5 slime creatures (Lair:3)
  21 blink frogs
  10 hippogriffs
  A bog body (Lair:3)
  Sigmund (D:4)
  14 spriggans (Lair:6)
  3 shadows
  A vampire (D:12)
  A tarantella (shapeshifter) (D:12)
  36 yaks
  A fire elemental (D:12)
  4 basilisks
  7 wraiths
  2 steam dragons (Gauntlet)
  3 hungry ghosts
  2 wyverns
  14 vampire mosquitoes
  2 wargs (Orc:2)
  4 swamp worms (Gauntlet)
  3 hell hounds (D:12)
  An acid dragon (D:14)
  6 water moccasins
  9 porcupines
  3 ice beasts
  38 orc warriors
  A swamp drake (Lair:3)
  2 phantoms
  8 sky beasts
  8 black bears
  3 eyes of draining
  20 ogres
  3 boggarts (Lair:6)
  4 centaurs
  16 wolves
  18 crocodiles
  A big kobold (D:9)
  19 bullfrogs
  2 wyvern zombies
  2 scorpions
  A water moccasin skeleton (D:9)
  8 killer bees
  6 howler monkeys
  5 wights (D:12)
  3 electric eels
  9 crimson imps
  A bullfrog zombie (D:12)
  A quasit (D:9)
  3 hounds
  31 orc priests
  2 jellies
  17 orc wizards
  2 bullfrog skeletons
  3 iguanas
  Ijyb (D:5)
  9 worker ants
  A hound zombie (D:9)
  A hound skeleton (D:9)
  Robin (D:4)
  A howler monkey skeleton (D:5)
  9 adders
  4 shadow imps
  14 white imps
  2 oozes (D:2)
  2 adder skeletons
  An adder zombie (D:9)
  3 worms (D:2)
  2 dart slugs (D:1)
  4 leopard geckos
  126 orcs
  5 giant cockroaches
  14 goblins
  8 hobgoblins
  6 jackals
  4 quokkas
  3 bats
  7 frilled lizards
  A jackal zombie (D:7)
  12 kobolds
  7 rats
812 creatures vanquished.

Vanquished Creatures (others)
  2 centaurs
  A worker ant (D:13)
  A kobold (D:14)
  15 fungi
  14 plants
33 creatures vanquished.

Grand Total: 845 creatures vanquished

Notes
Turn   | Place    | Note
-------+----------+-------------------------------------------
     0 | D:1      | Froggeryz the Gargoyle Gladiator began the quest for the
                  | Orb.
     0 | D:1      | Reached XP level 1. HP: 12/12 MP: 1/1
   266 | D:1      | Reached XP level 2. HP: 13/17 MP: 2/2
   839 | D:2      | Reached skill level 4 in Maces & Flails
   877 | D:2      | Reached XP level 3. HP: 17/21 MP: 1/3
  1303 | D:2      | Reached XP level 4. HP: 24/26 MP: 4/4
  1472 | D:3      | Reached skill level 5 in Maces & Flails
  1480 | D:3      | Found an iron altar of Okawaru.
  1498 | D:3      | Became a worshipper of Warmaster Okawaru
  1512 | D:3      | Found an ancient bone altar of Kikubaaqudgha.
  1808 | D:4      | Reached XP level 5. HP: 30/30 MP: 5/5
  1824 | D:4      | Found Noitan's General Store.
  1899 | D:4      | Noticed Robin
  1899 | D:4      | Noticed Sigmund
  1982 | D:4      | Killed Robin
  1982 | D:4      | Reached skill level 6 in Maces & Flails
  2015 | D:4      | Killed Sigmund
  2015 | D:4      | Reached * piety under Okawaru
  2015 | D:4      | Reached skill level 7 in Maces & Flails
  2015 | D:4      | Reached XP level 6. HP: 32/35 MP: 6/6
  2155 | D:4      | Found a staircase to the Ecumenical Temple.
  2191 | Temple   | Entered the Ecumenical Temple
  2276 | D:4      | Reached ** piety under Okawaru
  2280 | D:4      | Reached XP level 7. HP: 39/40 MP: 7/7
  2286 | D:4      | Found a snail-covered altar of Cheibriados.
  2628 | D:5      | Entered Level 5 of the Dungeon
  2687 | D:5      | Reached skill level 8 in Maces & Flails
  2916 | D:5      | Found a hazy altar of Hepliaklqana.
  2976 | D:5      | Noticed Ijyb
  2987 | D:5      | Killed Ijyb
  3716 | D:6      | Found Gozag's Platinum Reserve.
  4165 | D:5      | Reached skill level 9 in Maces & Flails
  4165 | D:5      | Reached XP level 8. HP: 20/44 MP: 4/8
  4446 | D:6      | Found a shimmering altar of Xom.
  4514 | D:6      | Found an opulent altar of Gozag.
  4611 | D:4      | Found a sacrificial altar of Ru.
  4611 | D:4      | Found a basalt altar of Yredelemnul.
  4810 | D:7      | Reached skill level 10 in Maces & Flails
  4894 | D:7      | Reached *** piety under Okawaru
  4958 | D:7      | Reached skill level 11 in Maces & Flails
  5064 | D:7      | Found a shimmering blue altar of Sif Muna.
  5068 | D:7      | You fall into a shaft and drop 3 floors!
  5068 | D:10     | Entered Level 10 of the Dungeon
  5112 | D:10     | Noticed a two-headed ogre
  5145 | D:10     | Killed a two-headed ogre
  5145 | D:10     | Reached **** piety under Okawaru
  5145 | D:10     | Reached XP level 9. HP: 52/52 MP: 9/9
  5202 | D:10     | Reached skill level 12 in Maces & Flails
  5245 | D:10     | Reached skill level 5 in Fighting
  5253 | D:10     | Noticed a troll
  5532 | D:9      | Noticed Pikel
  5576 | D:9      | Killed Pikel
  5576 | D:9      | Reached ***** piety under Okawaru
  5576 | D:9      | Received a gift from Okawaru
  5576 | D:9      | Reached skill level 13 in Maces & Flails
  5576 | D:9      | Reached XP level 10. HP: 53/61 MP: 8/10
  5582 | D:9      | Upgraded the game from 0.25.0-11-g1f837a76a1 to
                  | 0.25.0-15-gac7dcb8919
  5727 | D:9      | Noticed Joseph
  6292 | D:7      | Found a burning altar of Makhleb.
  6292 | D:7      | Noticed an Executioner
  6478 | D:8      | Reached skill level 14 in Maces & Flails
  7059 | D:8      | Found a staircase to the Lair.
  7295 | D:8      | Found Tafuiwutin's Magic Scroll Shop.
  7409 | D:9      | Reached skill level 1 in Shields
  7413 | D:9      | Reached XP level 11. HP: 68/68 MP: 11/11
  7495 | D:9      | Found a radiant altar of Vehumet.
  7728 | D:9      | Killed Joseph
  8116 | Lair:1   | Entered Level 1 of the Lair of Beasts
  8299 | Lair:1   | Received a gift from Okawaru
  8299 | Lair:1   | Reached skill level 5 in Shields
  9533 | Lair:2   | Noticed Urug
  9573 | Lair:2   | HP: 1/68 [acid (8)]
  9575 | Lair:2   | Killed Urug
 10437 | Lair:3   | Noticed a death yak
 10465 | Lair:2   | Reached skill level 15 in Maces & Flails
 10526 | Lair:3   | Found a staircase to the Snake Pit.
 10819 | Lair:3   | Found a glowing golden altar of the Shining One.
 10819 | Lair:3   | Noticed an oklob plant
 10831 | Lair:3   | Killed an oklob plant
 10935 | Lair:3   | Reached XP level 12. HP: 73/73 MP: 12/12
 10944 | Lair:3   | Reached ****** piety under Okawaru
 11110 | Lair:3   | Noticed a death yak
 11110 | Lair:3   | Noticed a death yak
 11111 | Lair:3   | Noticed a death yak
 11158 | Lair:2   | Killed a death yak
 11158 | Lair:2   | Received a gift from Okawaru
 11431 | Lair:3   | Killed a death yak
 11700 | Lair:4   | Noticed a seven-headed hydra
 11851 | Lair:4   | Killed a seven-headed hydra
 11851 | Lair:4   | Reached skill level 10 in Shields
 11897 | Lair:4   | Received a gift from Okawaru
 11910 | Lair:4   | Reached skill level 1 in Armour
 12155 | Lair:5   | Noticed a death yak
 12326 | Lair:4   | Noticed a four-headed hydra
 12347 | Lair:4   | Killed a four-headed hydra
 12750 | Lair:5   | Received a gift from Okawaru
 12955 | Lair:5   | Found a staircase to the Slime Pits.
 13022 | Lair:5   | Received a gift from Okawaru
 13037 | Lair:6   | Entered Level 6 of the Lair of Beasts
 13147 | Lair:5   | Reached XP level 13. HP: 61/78 MP: 12/19
 13445 | Lair:5   | Received a gift from Okawaru
 13445 | Lair:5   | Reached skill level 5 in Armour
 14012 | Lair:5   | Gained mutation: Your large and strong wings let you fly
                  | indefinitely. [Gargoyle growth]
 14012 | Lair:5   | Reached XP level 14. HP: 78/84 MP: 17/20
 14579 | Lair:3   | Found a staircase to the Swamp.
 15232 | Lair:1   | Got a steaming flail
 15233 | Lair:1   | Identified the +1 flail of Kuaxahuo {drain, Fragile rElec
                  | rPois SInv} (You found it on level 1 of the Lair of Beasts)
 15755 | Lair:6   | Reached skill level 16 in Maces & Flails
 15758 | Lair:6   | Received a gift from Okawaru
 18144 | D:10     | Found a roughly hewn altar of Beogh.
 18258 | D:10     | Found a staircase to the Orcish Mines.
 18388 | Orc:1    | Entered Level 1 of the Orcish Mines
 18848 | Orc:2    | Entered Level 2 of the Orcish Mines
 18906 | Orc:2    | Received a gift from Okawaru
 19667 | Orc:2    | Found a roughly hewn altar of Beogh.
 19684 | Orc:2    | Noticed an orc warlord
 19727 | Orc:1    | Killed an orc warlord
 19727 | Orc:1    | Reached XP level 15. HP: 46/92 MP: 11/21
 20135 | Orc:2    | Found Fuycof's Book Boutique.
 20419 | Orc:2    | Found Ninteo's Armour Shop.
 20439 | Orc:2    | Bought a +0 kite shield for 58 gold pieces
 20639 | Orc:2    | Reached skill level 10 in Fighting
 20894 | Orc:2    | Noticed an orc warlord
 20947 | Orc:2    | Killed an orc warlord
 21104 | Orc:2    | Received a gift from Okawaru
 21397 | Orc:2    | Found Wattug's General Store.
 21416 | Orc:2    | Found a roughly hewn altar of Beogh.
 21437 | Orc:2    | Found Podolog's Antique Armour Shop.
 21484 | Orc:2    | Bought a brightly glowing helmet for 256 gold pieces
 21494 | Orc:2    | Identified the cursed -3 helmet of Ocyjeaf {rPois rC-
                  | Str+8} (You bought it in a shop on level 2 of the Orcish
                  | Mines)
 21506 | Orc:2    | Bought a shiny kite shield for 202 gold pieces
 21585 | Orc:2    | Received a gift from Okawaru
 21848 | Orc:2    | Reached skill level 15 in Shields
 22094 | Orc:2    | Got a jewelled morningstar
 22095 | Orc:2    | Identified the +6 morningstar of Rowkah {antimagic, Str+8
                  | Dex+3} (You found it on level 2 of the Orcish Mines)
 22312 | Orc:2    | Found a staircase to the Elven Halls.
 22691 | D:11     | Noticed Maurice
 22697 | D:11     | Killed Maurice
 23404 | D:12     | Learned a level 2 spell: Blink
 23560 | D:12     | Received a gift from Okawaru
 24233 | D:12     | Noticed Azrael
 24253 | D:12     | Killed Azrael
 24387 | D:13     | Found a gate to the Vaults.
 24430 | D:13     | Received a gift from Okawaru
 24465 | D:13     | Noticed Josephine
 24482 | D:13     | Found a gate leading to a gauntlet.
 24486 | D:13     | Found a frozen archway.
 24492 | Gauntlet | Entered a Gauntlet
 24492 | Gauntlet | Found a transporter.
 24501 | Gauntlet | Found a transporter.
 24503 | Gauntlet | Found a transporter.
 24505 | Gauntlet | Found a transporter.
 24516 | Gauntlet | Found a transporter.
 24531 | Gauntlet | Found a transporter.
 24537 | Gauntlet | Found a transporter.
 24558 | Gauntlet | Found a transporter.
 24571 | Gauntlet | Found a transporter.
 24583 | Gauntlet | Found a transporter.
 24595 | Gauntlet | Found a transporter.
 24607 | Gauntlet | Found a transporter.
 24619 | Gauntlet | Found a transporter.
 24638 | Gauntlet | Found a transporter.
 24653 | Gauntlet | Found a transporter.
 24655 | Gauntlet | Found a transporter.
 24682 | Gauntlet | Found a transporter.
 24725 | Gauntlet | Found a transporter.
 24763 | Gauntlet | Reached XP level 16. HP: 101/101 MP: 22/22
 24843 | Gauntlet | Got a fine marble ring
 24845 | Gauntlet | Identified the ring "Kiunk" {rPois rCorr} (You found it in
                  | a Gauntlet)
 24856 | Gauntlet | Identified the +1 plate armour of Lies {MP+9 Str+3 Dex-3}
 24944 | Gauntlet | Received a gift from Okawaru
 25198 | D:13     | Killed Josephine
 25666 | D:14     | Found a shadowy altar of Dithmenos.
 26444 | D:13     | Received a gift from Okawaru
 26445 | D:13     | Got a spiked chain mail {god gift}
 26455 | D:13     | Identified the +2 chain mail of Asyalid {+Fly rC+ Str+3}
                  | (Okawaru gifted it to you on level 13 of the Dungeon)
 26730 | D:14     | Reached skill level 17 in Maces & Flails
 26836 | D:15     | Entered Level 15 of the Dungeon
 27264 | D:15     | Found a staircase to the Depths.
 27641 | D:15     | Found a shattered altar of Ashenzari.
 27791 | D:15     | Found a bloodstained altar of Trog.
 27834 | D:15     | Reached skill level 10 in Armour
 28130 | D:15     | Found a sacrificial altar of Ru.
 28509 | Swamp:1  | Entered Level 1 of the Swamp
 28511 | Swamp:1  | Noticed a thorn hunter
 28667 | Lair:3   | Killed from afar by a thorn hunter

Illustrated notes

Levels and vault maps discovered:
D:1:      eino_arrival_water_star, layout_loops_ring
D:2:      layout_basic
D:3:      layout_rooms, nicolae_overflow_crystal_walls, okawaru_trees_1
D:4:      layout_basic, marbit_many_paths, nicolae_overflow_hidden_temple,
          minmay_temple_entry_ruins, serial_shops, shop, first_ration,
          uniq_robin, uniq_sigmund
D:5:      layout_gridville, overflow_temple_1_default, uniq_ijyb
D:6:      layout_loops_ring, nicolae_gozag_zags_fifth_avenue,
          kennysheep_mini_moat
D:7:      layout_basic, led_sif_book, makhleb_altar_promises_db
D:8:      layout_rooms, minmay_lair_entry_grove, serial_shops, shop_coins
D:9:      layout_long_grid, lemuel_doored_altar, uniq_joseph, uniq_pikel
D:10:     layout_basic, orc_0_dummy, special_room [special_room_orc]
D:11:     layout_gridville, uniq_maurice
D:12:     layout_roguey, kennysheep_cross_room, uniq_azrael
D:13:     layout_rooms, david_vaults_5, gauntlet_entry_generic,
          portal_ice_cave_entry_imps, uniq_josephine
D:14:     layout_gridville, nicolae_dithmenos_through_a_glass_darkly
D:15:     gammafunk_depths_entry_grave, layout_cross, basic_altar,
          lemuel_coloured_pillars_altar, evilmike_ruin_ashenzari
Temple:   cyrus_circular_temple
Lair:1:   layout_regular_city
Lair:2:   layout_chaotic_city, serial_bayou_lagoon_a, uniq_urug
Lair:3:   layout_chaotic_city, skrybe_swamp_entry_bodies,
          minmay_snake_entry_spellcaster, lemuel_oklob_altar,
          lemuel_fruit_fields
Lair:4:   layout_hall_layers, infiniplex_staircase_pool, grunt_megastairs_2,
          serial_bayou_shore_b
Lair:5:   beast_lair_carwin_large_4, layout_long_grid, slime_dummy,
          serial_bayou_crossing, grunt_megastairs_5
Lair:6:   minmay_lair_end_enchanted_forest, layout_cave_shapes,
          hibernation_bobbens, grunt_megastairs_3, serial_bayou_shore_b,
          lemuel_fruit_tree
Swamp:1:  layout_basic_swamp, evilmike_swamp_ruin_house_2
Orc:1:    layout_caves
Orc:2:    pubby_orc_utopia

Skill      XL: |  1  2  3  4  5  6  7  8  9 10 11 12 13 14 15 16 |
---------------+-------------------------------------------------+-----
Maces & Flails | 4 5 7 9 11 13 14 15 16 17 | 17.6
Fighting       | 4 6 8 9 11 12 | 12.5
Shields        | 1 8 11 14 16 | 16.9
Armour         | 4 5 9 10 | 10.4
Invocations    | 8 |  8.3
Throwing       | |  1.7
Dodging        | |  2.4

Action                   |  1- 3 |  4- 6 |  7- 9 | 10-12 | 13-15 | 16-18 || total
-------------------------+-------+-------+-------+-------+-------+-------++-------
Melee: Flail             |   131 |   145 |   363 |   933 |   970 |       ||  2542
       Eveningstar       |       |       |       |       |  1007 |   728 ||  1735
Throw: Throwing net      |       |       |     3 |     2 |       |     1 ||     6
       Javelin           |       |       |       |     4 |       |     1 ||     5
Invok: Heroism           |       |       |       |     4 |     1 |       ||     5
 Abil: Fly               |       |       |       |       |     1 |     1 ||     2
       Stop Flying       |       |       |       |       |     1 |       ||     1
Evoke: Wand              |       |       |     6 |    25 |     3 |       ||    34
  Use: Scroll            |       |       |       |    17 |    24 |     3 ||    44
       Potion            |       |       |       |     1 |       |       ||     1
 Stab: Held in net/web   |       |       |     3 |       |       |     2 ||     5
  Eat: Chunk             |     1 |     4 |    11 |    24 |    38 |    13 ||    91
       Ration            |       |       |       |       |     1 |     1 ||     2
Armor: Leather armour    |     6 |       |       |       |       |       ||     6
       Scale mail        |    64 |    98 |   192 |   463 |   575 |       ||  1392
       Chain mail        |       |       |       |       |   475 |   507 ||   982
Dodge: Dodged            |    80 |    93 |   180 |   373 |   673 |   239 ||  1638
Block: Buckler           |       |       |       |   105 |   390 |       ||   495
       Kite shield       |       |       |       |       |   469 |   554 ||  1023
       Reflection        |       |       |       |       |       |     3 ||     3
